 Dungeon Crawl Stone Soup version 0.26.1-11-gd32895ea62 (webtiles) character file.

Game seed: 191266996917239476

1351 thatshaggymatt the Grappler (level 8, -5/75 HPs)
             Began as a Troll Monk on May 11, 2021.
             Was a Believer of Qazlal.
             Killed by an exploding a death yak (37 damage)
             ... exploding inner flame
             ... on level 8 of the Dungeon.
             The game lasted 00:22:57 (3059 turns).

thatshaggymatt the Grappler (Troll Monk)            Turns: 3059, Time: 00:22:58

Health: -5/75      AC:  8    Str: 22    XL:     8   Next: 36%
Magic:  1/7        EV: 11    Int:  6    God:    Qazlal [**....]
Gold:   105        SH:  7    Dex: 12    Spells: 7/7 levels left

rFire    . . .     SeeInvis .     - Unarmed
rCold    . . .     Faith    .   (no shield)
rNeg     . . .     Spirit   .   a - +0 robe
rPois    +         Reflect  .   (helmet restricted)
rElec    .         Harm     .   (no cloak)
rCorr    .         Rampage  .   (gloves unavailable)
Will     +....                  (boots unavailable)
Stlth    +.........             (no amulet)
HPRegen  0.62/turn              k - ring of Res Nullius {*Slow rPois Will+ Slay+3}
MPRegen  0.10/turn              (no ring)

@: no status effects
A: large, unfitting armour, claws 3, large bone plates 1, slimy green scales 1,
regeneration 1, shaggy fur 1, tough skin 3
a: Renounce Religion, Upheaval


You were on level 8 of the Dungeon.
You worshipped Qazlal.
Qazlal was pleased with you.
You visited 2 branches of the dungeon, and saw 7 of its levels.
You also visited: Ossuary.

You collected 213 gold pieces.
You spent 108 gold pieces at shops.

Inventory:

Armour
 a - a +0 robe (worn)
Jewellery
 k - the ring of Res Nullius (left claw) {*Slow rPois Will+ Slay+3}
   (You found it on level 4 of the Dungeon)

   [ring of willpower]

   It affects your accuracy and damage with ranged weapons and melee attacks
   (+3).
   It protects you from poison.
   It affects your willpower, your defense against some magical effects.
   It may slow you when you take damage.
Wands
 m - a wand of enslavement (7)
 n - a wand of paralysis (7)
Scrolls
 c - 3 scrolls of teleportation
 d - a scroll of identify
 e - 2 scrolls of fear
 g - a scroll of magic mapping
Potions
 b - 2 potions of haste {unknown}
 h - a potion of flight
 l - a potion of might
 o - a potion of ambrosia


   Skills:
 + Level 3.4 Fighting
 + Level 4.5 Dodging
 - Level 1.7 Stealth
 - Level 0.1 Shields
 + Level 8.8 Unarmed Combat
 + Level 0.4 Invocations


You had 7 spell levels left.
You didn't know any spells.
Your spell library was empty.

Dungeon Overview and Level Annotations

Branches:
Dungeon (8/15)             Temple (1/1) D:4         Ossuary (visited)
   Lair: D:8-11

Altars:
Ashenzari
Cheibriados
Fedhas
Gozag
Hepliaklqana
Kikubaaqudgha
Makhleb
Nemelex Xobeh
Okawaru
Qazlal
Ru
Sif Muna
Trog
Wu Jian
Xom
Yredelemnul
The Shining One

Shops:
D:4 (   D:7 *


Innate Abilities, Weirdness & Mutations

You are too large for most types of armour.
You have claws for hands.
Your natural rate of healing is unusually fast.
You are covered in fur. (AC +1)
You have extremely tough skin. (AC +3)
You are partially covered in large bone plates. (SH +4)
You are partially covered in slimy green scales. (AC +2)


Message History

The death yak snorts and paws the ground.
You barely miss the death yak.
The death yak is moderately wounded.
The death yak is engulfed in blazing flames.
Flame seeps out of the death yak.
The death yak barely misses you.
You claw the death yak!
Flame seeps out of the death yak.
The death yak is heavily wounded.
The death yak is engulfed in blazing flames.
Flame seeps out of the death yak.
The death yak barely misses you.
You claw the death yak!
Flame seeps out of the death yak.
The death yak is severely wounded.
The death yak is engulfed in blazing flames.
Flame seeps out of the death yak.
The death yak gores you!!
You claw the death yak! Qazlal accepts your kill.
The death yak explodes!
The fiery explosion engulfs the death yak!!
Qazlal accepts your kill. The fiery explosion engulfs you!!!
You die...

..#..........#
..+..........#
..........#
.....#.Y..#
.....+YY###
... ##Y# ..
#§# #○# #@#
#.# #.# #.#
#.# ..# ###


You could see 3 death yaks and an ice beast.

Vanquished Creatures
  2 death yaks (D:8)
  2 ogres (D:7)
  An orc warrior (D:7)
  An ice beast (D:8)
  A bullfrog (D:7)
  A scorpion (D:2)
  5 water moccasin zombies (Ossuary)
  4 wights (D:7)
  A hound (D:4)
  2 orc priests (D:7)
  An iguana (D:7)
  An orc wizard (D:4)
  3 big kobold zombies (Ossuary)
  A hound skeleton (D:8)
  2 mummies (Ossuary)
  6 adders
  3 gnolls (D:7)
  A white imp (D:7)
  2 oozes (D:2)
  2 adder zombies (Ossuary)
  An adder skeleton (D:7)
  5 leopard geckos
  13 orcs
  4 ball pythons
  7 giant cockroaches
  2 gnoll zombies (Ossuary)
  10 goblins
  8 hobgoblins
  4 jackals (D:2)
  2 quokkas
  3 bats (D:2)
  3 frilled lizards
  7 hobgoblin zombies (Ossuary)
  8 kobolds
  5 kobold zombies (Ossuary)
  3 orc zombies (Ossuary)
  4 rats
131 creatures vanquished.

Vanquished Creatures (others)
  A plant (D:2)
1 creature vanquished.

Grand Total: 132 creatures vanquished

Notes
Turn   | Place    | Note
-------+----------+-------------------------------------------
     0 | D:1      | thatshaggymatt the Troll Monk began the quest for the Orb.
     0 | D:1      | Reached XP level 1. HP: 22/22 MP: 0/0
   127 | D:1      | Reached XP level 2. HP: 29/29 MP: 1/1
   618 | D:1      | Reached XP level 3. HP: 35/36 MP: 2/2
   697 | D:2      | Noticed a scorpion
   714 | D:2      | Killed a scorpion
   715 | D:2      | Reached XP level 4. HP: 26/45 MP: 3/3
   754 | D:2      | Reached skill level 4 in Unarmed Combat
  1069 | D:2      | Found a blossoming altar of Fedhas.
  1190 | D:2      | Found a blossoming altar of Fedhas.
  1515 | D:3      | Reached XP level 5. HP: 53/53 MP: 4/4
  1683 | D:4      | Got a coiled copper ring
  1698 | D:4      | Identified the ring of Res Nullius {*Slow rPois Will+
                  | Slay+3} (You found it on level 4 of the Dungeon)
  1722 | D:4      | Found a sacrificial altar of Ru.
  1755 | D:4      | Reached skill level 5 in Unarmed Combat
  1813 | D:4      | Found a staircase to the Ecumenical Temple.
  1819 | Temple   | Entered the Ecumenical Temple
  1932 | Temple   | Became a worshipper of Qazlal Stormbringer
  1932 | Temple   | Reached * piety under Qazlal
  1932 | Temple   | Reached ** piety under Qazlal
  2063 | D:4      | Found Dask's Weapon Boutique.
  2064 | D:4      | You fall into a shaft and drop 3 floors!
  2073 | D:7      | Found a glowing golden altar of the Shining One.
  2089 | D:7      | Reached XP level 6. HP: 38/61 MP: 5/5
  2149 | D:7      | Found Quryrerr's General Store.
  2155 | D:7      | Bought a wand of enslavement (7) for 108 gold pieces
  2167 | D:7      | Found an opulent altar of Gozag.
  2254 | D:7      | Reached skill level 6 in Unarmed Combat
  2303 | D:7      | Found a basalt altar of Yredelemnul.
  2369 | D:7      | Reached XP level 7. HP: 67/67 MP: 6/6
  2388 | D:7      | Found a sand-covered staircase.
  2396 | Ossuary  | Entered an ossuary
  2469 | Ossuary  | Reached skill level 7 in Unarmed Combat
  2542 | Ossuary  | Reached *** piety under Qazlal
  2556 | Ossuary  | Reached XP level 8. HP: 75/75 MP: 7/7
  2701 | D:7      | Reached skill level 8 in Unarmed Combat
  2831 | D:7      | Gained mutation: You are partially covered in large bone
                  | plates. (SH +4) [potion of mutation]
  2831 | D:7      | Gained mutation: You are partially covered in slimy green
                  | scales. (AC +2) [potion of mutation]
  3016 | D:8      | Noticed a death yak
  3016 | D:8      | Noticed a death yak
  3024 | D:8      | Noticed a death yak
  3028 | D:8      | Noticed a death yak
  3029 | D:8      | Noticed a death yak
  3059 | D:8      | Killed a death yak
  3059 | D:8      | Killed a death yak
  3059 | D:8      | Killed by an exploding a death yak... exploding inner flame

Illustrated notes

Levels and vault maps discovered:
D:1:      minmay_arrival_radiant_lines, layout_basic, minmay_fountain_box
D:2:      layout_basic, lemuel_round_altar, serial_bayou_pond_a,
          fedhas_altar_fruit_tree
D:3:      kb_forest_paths, layout_loops_cross, okawaru_altar_gauntlet_db,
          uniq_sigmund
D:4:      layout_rooms, general_overflow_altar,
          minmay_temple_entry_enclosed_plants, serial_shops, shop,
          kennysheep_generic_room_8
D:7:      layout_rooms, tso_metal_star, nicolae_overflow_hidden_temple,
          serial_shops, shop, enter_ossuary_1, grunt_gozag_breadcrumbs
D:8:      layout_basic, dancing_weapons_uskayaw, dpeg_lair_monsters, uniq_pikel,
          uniq_maurice
Temple:   eino_temple_rhombus

Skill      XL: |  1  2  3  4  5  6  7  8 |
---------------+-------------------------+-----
Fighting       | 3 |  3.4
Dodging        | 3 4 |  4.5
Unarmed Combat | 4 5 6 7 8 |  8.8
Stealth        | |  1.7
Shields        | |  0.1
Invocations    | |  0.4

Action                   |  1- 3 |  4- 6 |  7- 9 || total
-------------------------+-------+-------+-------++-------
Melee: Unarmed           |    75 |   163 |   128 ||   366
       Punch             |     1 |     2 |     3 ||     6
Invok: Upheaval          |       |     1 |     3 ||     4
  Use: Potion            |       |     4 |    10 ||    14
       Scroll            |       |     6 |     5 ||    11
 Stab: Sleeping          |       |     2 |       ||     2
Armor: Robe              |    24 |    49 |    16 ||    89
Dodge: Dodged            |    31 |    94 |    53 ||   178
Block: Other             |       |     1 |    15 ||    16
